 Dungeon Crawl Stone Soup version 0.21.1-1-g345015f (webtiles) character file.

49 diana the Sneak (level 3, 0/18 HPs)
             Began as a Vine Stalker Enchanter on June 23, 2018.
             Killed from afar by Natasha (5 damage)
             ... with a magic dart
             ... on level 2 of the Dungeon.
             The game lasted 00:01:40 (1214 turns).

diana the Sneak (Vine Stalker Enchanter)            Turns: 1214, Time: 00:01:41

Health: 0/18       AC:  2    Str: 11    XL:     3   Next: 75%
Magic:  0/7        EV: 12    Int: 15    God:
Gold:   96         SH:  0    Dex: 14    Spells: 6/7 levels left

rFire    . . .     SeeInvis .   h - +0 dagger (protect)
rCold    . . .     Gourm    .   (no shield)
rNeg     . . .     Faith    .   b - +0 robe
rPois    .         Spirit   +   (no helmet)
rElec    .         Reflect  .   (no cloak)
rCorr    .         Harm     .   (no gloves)
MR       .....                  (no boots)
Stlth    ++........             (no amulet)
HPRegen  0.06/turn              (no ring)
MPRegen  0.10/turn              (no ring)

@: slowed, very slow
A: fangs 2, magic shield, antimagic bite, no potion heal 3, rot immunity
a: no special abilities


You were on level 2 of the Dungeon.
You were very hungry.

You visited 1 branch of the dungeon, and saw 2 of its levels.

You collected 96 gold pieces.

Inventory:

Hand Weapons
 a - a +1 dagger
 h - a +0 dagger of protection (weapon)
Armour
 b - a +0 robe (worn)
Jewellery
 e - an uncursed ring of see invisible {unknown}
 k - an uncursed ring of ice {unknown}
Scrolls
 f - a scroll of teleportation {unknown}
 g - a scroll of blinking {unknown}
 i - a scroll of identify {unknown}
 j - a scroll of enchant weapon {unknown}
 n - a scroll of amnesia {unknown}
 o - a scroll of remove curse {unknown}
 q - a scroll of fog {unknown}
Potions
 l - a potion of magic {unknown}
 m - a potion of lignification {unknown}
 p - a potion of curing
Books
 c - a book of Maledictions

   Spells                             Type                      Level
   a - Corona                         Hexes                        1
   b - Ensorcelled Hibernation        Hexes/Ice                    2
   c - Confuse                        Hexes                        3
   d - Tukima's Dance                 Hexes                        3
   e - Dazzling Spray                 Conjuration/Hexes            3
Comestibles
 d - 3 rations


   Skills:
 * Level 1.5 Fighting
 * Level 1.9 Short Blades
 - Level 1.5 Dodging
 - Level 3.6 Stealth
 + Level 2.5 Spellcasting
 + Level 3.3 Hexes


You had 6 spell levels left.
You knew the following spells:

 Your Spells              Type           Power        Failure   Level  Hunger
a - Corona                Hex            ##.....      5%          1    #......


Dungeon Overview and Level Annotations

Branches:
Dungeon (2/15)

Altars:
Sif Muna

Annotations:
D:2 Natasha


Innate Abilities, Weirdness & Mutations

You have extremely sharp teeth.
When hurt, damage is shared between your health and your magic reserves.
Your bite disrupts and absorbs the magic of your enemies.
Potions cannot restore your health.
You are immune to rotting.


Message History

You closely miss Natasha.
Natasha is heavily wounded.
Casting: Corona
Confirm with . or Enter, or press ? or * to list all spells.
Aiming: Corona
Press: ? - help, Shift-Dir - straight line, f/p - Natasha
Aim: Natasha, carrying a wand of flame (17) (heavily wounded, chance to defeat MR: 47%) Natasha is outlined in light.
Natasha casts a spell at you.
You feel yourself slow down.
You barely miss Natasha.
Natasha is heavily wounded.
Natasha claws you!
* * * LOW HITPOINT WARNING * * *
Natasha misses you.
You barely miss Natasha.
Natasha is heavily wounded.
Natasha stares at you and mumbles some strange words.
The magic dart hits you!
You die...

≈≈≈≈≈###≈≈≈≈≈## #.#
≈≈≈..#.####### #.#
≈≈≈≈.#.############.#
≈≈≈..<..............#
≈≈≈≈..[...########..#
≈≈≈.............<...#
≈)≈.≈............#.##
..≈.≈.....########.#
.†..†.....+....h@..#
..........##########
..........#
..........#
..........#
....####### ....#
....# ....#


You could see Natasha.

Vanquished Creatures
  An adder (D:2)
  An ooze (D:1)
  A dart slug (D:1)
  2 leopard geckos
  8 bats
  A giant cockroach (D:1)
  A goblin (D:1)
  4 hobgoblins (D:1)
  8 kobolds (D:1)
  5 rats (D:1)
32 creatures vanquished.

Notes
Turn   | Place    | Note
-------+----------+-------------------------------------------
     0 | D:1      | diana the Vine Stalker Enchanter began the quest for the Orb.
     0 | D:1      | Reached XP level 1. HP: 9/9 MP: 4/4
    33 | D:1      | Reached skill level 1 in Short Blades
    43 | D:1      | Reached XP level 2. HP: 9/14 MP: 6/6
   372 | D:1      | Reached skill level 1 in Fighting
   458 | D:1      | Reached XP level 3. HP: 11/18 MP: 7/7
   936 | D:2      | Found a faded altar of an unknown god.
  1174 | D:2      | Found a deep blue altar of Sif Muna.
  1195 | D:2      | Noticed Natasha
  1214 | D:2      | Killed from afar by Natasha

Skill      XL: |  1  2 |
---------------+-------+-----
Short Blades   | 1 |  1.9
Fighting       | 1 |  1.5
Dodging        | |  1.5
Stealth        | |  3.6
Spellcasting   | |  2.5
Hexes          | |  3.3

Action                   || total
-------------------------++-------
Melee: Dagger            ||   121
       Bite              ||    22
 Cast: Corona            ||     4
 Stab: Sleeping          ||     6
Armor: Robe              ||    46
Dodge: Dodged            ||    83
